 Dungeon Crawl Stone Soup version 0.28.0-53-g5a82cb258f (webtiles) character file.

Game seed: 18125701217514936053

74 Descartes the Bolt Thrower (level 4, -3/25 HPs)
             Began as a Deep Elf Wanderer on July 27, 2022.
             Slain by a water moccasin (4 damage)
             ... in a sewer.
             The game lasted 00:04:59 (1922 turns).

Descartes the Bolt Thrower (Deep Elf Wanderer)      Turns: 1922, Time: 00:04:59

Health: -3/25      AC:  3    Str: 10    XL:     4   Next: 9%
Magic:  9/9        EV: 11    Int: 17    God:
Gold:   60         SH:  5    Dex: 15    Spells: 6/7 levels left

rFire   . . .      SeeInvis .   a - +2 hand crossbow
rCold   . . .      Faith    .   (no shield)
rNeg    . . .      Spirit   .   d - +0 robe
rPois   .          Reflect  +   (no helmet)
rElec   .          Harm     .   (no cloak)
rCorr   .          Rampage  .   (no gloves)
Will    .....                   c - +0 pair of boots
Stlth   ++........              k - amulet of reflection
HPRegen 0.08/turn               (no ring)
MPRegen 0.11/turn               (no ring)

@: lethally poisoned (-3 -> -23), invisible
A: no striking features
a: no special abilities


You were in a sewer.
You visited 1 branch of the dungeon, and saw 3 of its levels.
You also visited: Sewer.

You collected 60 gold pieces.

Inventory:

Hand Weapons
 a - a +2 hand crossbow (weapon)
 b - a +0 long sword
 o - a +0 dagger
Missiles
 g - 62 stones
 i - 3 curare-tipped darts
 j - 17 arrows
 l - 44 sling bullets
 s - 6 bolts (quivered ammo)
Armour
 c - a +0 pair of boots (worn)
 d - a +0 robe (worn)
Jewellery
 k - an amulet of reflection (around neck)
Scrolls
 m - a scroll of teleportation
 q - a scroll of torment {unknown}
 t - a scroll of identify {unknown}
 w - a scroll of fear {unknown}
Potions
 e - 2 potions of heal wounds {unknown}
 f - a potion of flight {unknown}
 h - a potion of curing {unknown}
 n - a potion of degeneration {unknown}
 p - a potion of resistance {unknown}
 r - a potion of lignification {unknown}
 u - a potion of haste {unknown}
 v - a potion of invisibility


   Skills:
 + Level 1.1 Fighting
 + Level 1.1 Staves
 + Level 1.0(1.3) Slings
 + Level 1.0 Bows
 + Level 3.7 Crossbows
 + Level 1.4(1.7) Throwing
 + Level 1.0 Dodging
 + Level 2.1 Stealth
 + Level 2.0 Spellcasting
 + Level 3.2 Hexes


You had 6 spell levels left.
You knew the following spells:

 Your Spells              Type           Power      Damage    Failure   Level
a - Slow                  Hex            48%        N/A       5%          1

Your spell library contained the following spells:

 Spells                   Type           Power      Damage    Failure   Level
 Inner Flame              Hex/Fire       7%         N/A       30%         3


Dungeon Overview and Level Annotations

Branches:
Dungeon (3/15)              Sewer (1/1)

Altars:
Uskayaw

Shops:
D:2 !


Message History

You shoot a bolt. The bolt hits the water moccasin!
The water moccasin hisses angrily.
The water moccasin is moderately wounded.
You shoot a bolt. The bolt hits the water moccasin!
The water moccasin is severely wounded.
You shoot a bolt.
The bolt completely misses the water moccasin.
The water moccasin bites you.
You are lethally poisoned!
The water moccasin poisons you!
You shoot a bolt.
The bolt closely misses the water moccasin.
You feel very sick. The water moccasin barely misses you.
The water moccasin bites you.
You are more poisoned.
The water moccasin poisons you!
You are too injured to fight recklessly!
You are too injured to fight recklessly!
Unknown command.
You are too injured to fight recklessly!
Unknown command.
Sorry, you're not good enough to have a special ability.
Unknown command.
You aren't carrying any items that you can evoke.
Unknown command.
Throw: 4 darts (curare)
Press: ? - help, Shift-Dir - straight line, f/p - water moccasin
Aim: a water moccasin (severely wounded, 38% to hit)
You throw a curare-tipped dart.
The curare-tipped dart hits the water moccasin.
The water moccasin is severely wounded.
* * * LOW HITPOINT WARNING * * *
You feel very sick. You block the water moccasin's attack.
It was a potion of invisibility.
You fade into invisibility!
* * * LOW HITPOINT WARNING * * *
You feel very sick. The water moccasin bites you.
You die...

# #### # ....## ##
[ ## .≈...### #.
[.##. #.≈≈..### #.
##≈... #≈....###≈
(≈≈≈≈≈# ##.≈≈≈≈.≈≈
#≈(...###
###.....###.
#(.S@≈####.≈≈..###
#.
###...≈..≈≈..###
#. ###....≈.### ##
######## # # #


You could see a water moccasin.

Vanquished Creatures
  An adder (D:2)
  3 worms
  A dart slug (D:3)
  3 ball pythons
  6 endoplasms
  5 giant cockroaches
  3 goblins
  3 hobgoblins (D:2)
  7 jackals
  A quokka (D:3)
  5 bats
  4 kobolds (D:1)
  9 rats
51 creatures vanquished.

Notes
Turn   | Place    | Note
-------+----------+-------------------------------------------
     0 | D:1      | Descartes the Deep Elf Wanderer began the quest for the
                  | Orb.
     0 | D:1      | Descartes set off with the following items: a +2 hand
                  | crossbow, 25 bolts, a +0 pair of boots, a +0 robe; and the
                  | following spell memorised: Slow; and the following spells
                  | available to memorise: Inner Flame
     0 | D:1      | Reached XP level 1. HP: 12/12 MP: 5/5
   124 | D:1      | Reached XP level 2. HP: 16/16 MP: 6/6
   446 | D:1      | Found a faded altar of an unknown god.
   459 | D:1      | Prayed at the altar of an unknown god.
   459 | D:1      | Became a worshipper of Uskayaw the Reveller
   459 | D:1      | Reached * piety under Uskayaw
   460 | D:1      | Fell from the grace of Uskayaw
   926 | D:1      | Reached XP level 3. HP: 20/20 MP: 7/7
  1047 | D:2      | Found Esizug Zamo's Distillery.
  1270 | D:2      | Reached skill level 1 in Bows
  1577 | D:2      | Reached skill level 1 in Slings
  1800 | D:3      | Found a glowing drain.
  1807 | D:3      | Reached skill level 1 in Staves
  1807 | D:3      | Reached XP level 4. HP: 25/25 MP: 9/9
  1845 | Sewer    | Entered a sewer
  1858 | Sewer    | Reached skill level 1 in Dodging
  1916 | Sewer    | Noticed a water moccasin
  1922 | Sewer    | HP: 1/25 [poisoned by a water moccasin]
  1922 | Sewer    | Slain by a water moccasin

Illustrated notes

Levels and vault maps discovered:
D:1:      nicolae_arrival_washed_ashore, layout_basic,
          hellmonk_ecumenical_altar_lost_god, chequers_garden,
          hangedman_abyss_or_decor_lesser_grid, kennysheep_another_room,
          minmay_misc_feat_pillars, hangedman_decor_push,
          minmay_misc_feat_square, minmay_worlds_worst_comb
D:2:      layout_basic, serial_shops, nicolae_shop_trees, minmay_tromino_v2
D:3:      layout_rooms, cheibrodos_sewer_entry_sluice
Sewer:    sewer_the_moccasin

Skill      XL: |  1  2  3  4 |
---------------+-------------+-----
Hexes          | 3 |  3.2
Bows           | 1 |  1.0
Spellcasting   | 2 |  2.0
Slings         | 1 |  1.0
Stealth        | 2 |  2.1
Staves         | 1 |  1.1
Dodging        | 1 |  1.0
Fighting       | |  1.1
Crossbows      | |  3.7
Throwing       | |  1.4

Action                   |  1- 3 |  4- 6 || total
-------------------------+-------+-------++-------
 Fire: Hand crossbow     |    89 |    12 ||   101
Throw: Dart              |       |     1 ||     1
Invok: Renounce Religion |     1 |       ||     1
  Use: Scroll            |     3 |       ||     3
       Potion            |       |     1 ||     1
Armor: Robe              |     9 |       ||     9
Dodge: Dodged            |    19 |     2 ||    21
Block: Other             |     1 |     1 ||     2
